AoeStats
← Monkey killer

Arena

507425268Analyzed
4v4 RM · 15d ago on Sep 18, 2026· 77m 17s· 8 players
Game mode
Random Map
Map size
Large (8 player)
Population
200
Speed
Normal
Resources
Standard
Victory
Conquest
Starting age
Dark Age
Ending age
Imperial Age
RankedLock teamsTeams togetherTeam positionsShared explorationLock speedFull tech treeHidden civsTurbo modeCheats
Victory
Defeat
🇺🇸 Spanish · United States
1378
+10
🇨🇳 Italians · China
1170
+19
🇨🇳 Burgundians · China
1155
+19
🇨🇳 Huns · China
1151
+20
🇳🇵 Slavs · Nepal
1254
-18
🇦🇷 Franks · Argentina
1246
-17
🇵🇪 Koreans · Peru
1239
-17
🇲🇽 Celts · Mexico
1200
-16
Ratchet2krox
11:32 Feudal Age
15:29 Castle Age
13:30 Double-Bit Axe
13:27 Horse Collar
13:38 Gold Mining
14:14 Stone Mining
17:31 Bow Saw
17:53 Sanctity
18:50 Fervor
19:17 Loom
21:53 Wheelbarrow
25:58 Hand Cart
30:51 Imperial Age
30:05 Forging
29:55 Scale Mail Armor
30:41 Gold Shaft Mining
31:29 Iron Casting
31:48 Furor Celtica
32:35 Conscription
32:00 Onager
32:54 Heavy Scorpion
35:33 Chemistry
34:54 Ballistics
34:51 Chain Mail Armor
36:17 Blast Furnace
36:22 Siege Onager
39:09 Plate Mail Armor
38:00 Elite Woad Raider
41:36 Stronghold
43:43 Scale Barding Armor
53:45 Capped Ram
59:34 Pikeman
59:59 Arson
60:00 Gambesons
60:19 Padded Archer Armor
60:03 Halberdier
60:16 Elite Skirmisher
60:31 Halberdier
61:43 Leather Archer Armor
61:18 Fletching
65:40 Chain Barding Armor
66:25 Stone Shaft Mining
66:17 Bodkin Arrow
66:52 Ring Archer Armor
CYJ8564
1:49 Loom
11:25 Feudal Age
15:37 Castle Age
16:21 Double-Bit Axe
18:07 Scale Barding Armor
26:25 Wheelbarrow
26:04 Bow Saw
27:51 Gold Mining
27:52 Stone Mining
29:12 Padded Archer Armor
29:03 Fletching
31:47 Imperial Age
29:40 Hand Cart
30:06 Ballistics
29:39 Elite Skirmisher
31:21 Gold Shaft Mining
31:17 Chain Barding Armor
31:08 Forging
30:54 Bodkin Arrow
31:15 Leather Archer Armor
GemGem27
11:06 Feudal Age
11:11 Feudal Age
12:36 Horse Collar
15:27 Castle Age
13:41 Double-Bit Axe
15:45 Loom
16:37 Wheelbarrow
15:50 Loom
16:49 Bow Saw
17:12 Heavy Plow
25:43 Scale Barding Armor
29:20 Imperial Age
27:17 Gold Mining
27:18 Stone Mining
27:50 Chain Barding Armor
27:41 Forging
27:36 Scale Mail Armor
27:40 Squires
28:10 Hand Cart
27:40 Town Watch
29:17 Detinets
30:04 Gold Shaft Mining
29:44 Masonry
29:57 Ballistics
29:28 Pikeman
30:42 Druzhina
31:03 Conscription
31:18 Bloodlines
31:09 Husbandry
33:46 Plate Barding Armor
32:36 Elite Boyar
33:59 Halberdier
34:56 Chain Mail Armor
37:13 Plate Mail Armor
37:19 Iron Casting
40:33 Hoardings
41:05 Blast Furnace
40:01 Fletching
41:58 Bodkin Arrow
43:39 Elite Skirmisher
44:24 Padded Archer Armor
48:00 Town Patrol
50:27 Leather Archer Armor
49:38 Light Cavalry
50:58 Hussar
52:28 Ring Archer Armor
58:23 Murder Holes
61:00 Two-Man Saw
61:59 Capped Ram
63:42 Siege Ram
jona_vte_94
10:56 Feudal Age
13:04 Loom
15:51 Castle Age
15:42 Scale Mail Armor
15:56 Forging
15:48 Double-Bit Axe
15:44 Horse Collar
18:44 Chain Mail Armor
21:43 Wheelbarrow
21:19 Bow Saw
21:10 Heavy Plow
29:31 Town Watch
34:06 Imperial Age
32:05 Hand Cart
32:48 Pikeman
43:42 Iron Casting
45:55 Fletching
52:27 Scale Barding Armor
virttuallG
10:17 Feudal Age
14:14 Castle Age
12:53 Horse Collar
14:58 Double-Bit Axe
19:15 Loom
22:57 Bloodlines
25:04 Heavy Plow
25:20 Bow Saw
26:06 Padded Archer Armor
26:22 Gold Mining
29:34 Leather Archer Armor
36:19 Imperial Age
34:26 Wheelbarrow
35:55 Heavy Plow
37:36 Ring Archer Armor
37:32 Conscription
36:33 Elite Conquistador
40:49 Chemistry
40:55 Husbandry
42:04 Hand Cart
44:37 Supremacy
46:33 Ballistics
46:24 Masonry
46:10 Murder Holes
56:02 Scale Barding Armor
56:08 Forging
56:49 Architecture
57:08 Fletching
57:39 Chain Barding Armor
58:24 Light Cavalry
59:05 Elite Skirmisher
62:06 Plate Barding Armor
62:07 Iron Casting
63:56 Stone Mining
63:35 Hussar
65:17 Blast Furnace
64:13 Bodkin Arrow
67:21 Two-Man Saw
66:12 Town Watch
67:39 Bracer
76:44 Caravan
Monkey killer
5:09 Double-Bit Axe
11:31 Feudal Age
11:05 Horse Collar
17:03 Castle Age
16:06 Bow Saw
16:00 Heavy Plow
20:13 Wheelbarrow
24:42 Hand Cart
26:27 Two-Man Saw
26:31 Crop Rotation
26:29 Forging
26:24 Gold Mining
27:15 Loom
27:15 Town Watch
27:43 Husbandry
27:04 Cavalier
29:29 Stone Mining
30:15 Gold Shaft Mining
30:36 Town Patrol
30:47 Scale Barding Armor
31:36 Iron Casting
32:36 Stone Shaft Mining
32:51 Chain Barding Armor
39:33 Imperial Age
42:29 Scale Mail Armor
42:29 Padded Archer Armor
42:20 Fletching
43:03 Squires
42:24 Pikeman
42:49 Arson
45:45 Halberdier
50:47 Paladin
62:53 Blast Furnace
62:08 Chain Mail Armor
62:29 Plate Barding Armor
68:04 Plate Mail Armor
73:12 Caravan
76:20 Elite Skirmisher
梦庄周
10:34 Feudal Age
14:30 Castle Age
12:49 Horse Collar
14:04 Double-Bit Axe
16:32 Bow Saw
20:13 Heavy Plow
22:13 Wheelbarrow
22:40 Gold Mining
23:42 Hand Cart
24:38 Gold Shaft Mining
25:28 Stone Mining
26:04 Loom
26:05 Town Watch
27:07 Ballistics
26:44 Murder Holes
29:45 Imperial Age
27:16 Town Patrol
27:09 Fletching
27:19 Padded Archer Armor
28:03 Scale Barding Armor
28:11 Forging
29:07 Coinage
29:58 Chain Barding Armor
30:14 Iron Casting
29:46 Marauders
30:34 Bloodlines
30:25 Husbandry
31:12 Conscription
31:41 Plate Barding Armor
31:24 Elite Tarkan
33:56 Blast Furnace
32:52 Bodkin Arrow
35:00 Parthian Tactics
34:41 Thumb Ring
36:07 Banking
35:48 Guilds
37:00 Heavy Cavalry Archer
37:45 Bracer
37:45 Padded Archer Armor
38:50 Chemistry
41:39 Cavalier
42:43 Paladin
43:06 Capped Ram
44:33 Siege Ram
58:12 Light Cavalry
58:22 Elite Skirmisher
60:26 Elite Skirmisher
60:32 Hussar
63:01 Two-Man Saw
63:55 Leather Archer Armor
66:11 Caravan
66:25 Squires
236223212
10:45 Feudal Age
16:09 Castle Age
13:58 Double-Bit Axe
13:56 Horse Collar
15:34 Gold Mining
18:00 Fletching
18:57 Bow Saw
20:35 Heavy Plow
22:48 Wheelbarrow
22:01 Loom
24:34 Hand Cart
29:55 Imperial Age
30:30 Scale Mail Armor
30:30 Padded Archer Armor
31:27 Conscription
32:22 Two-Man Saw
32:14 Arson
33:39 Chemistry
33:31 Squires
33:50 Chain Mail Armor
33:51 Leather Archer Armor
33:31 Bodkin Arrow
33:55 Thumb Ring
33:31 Pikeman
36:50 Squires
38:22 Plate Mail Armor
38:03 Forging
43:05 Crop Rotation
42:58 Elite Skirmisher
44:50 Stone Mining
47:25 Bloodlines
46:36 Light Cavalry
47:17 Husbandry
48:59 Scale Barding Armor
49:06 Forging
49:15 Hussar
55:12 Chain Barding Armor
67:16 Elite Genoese Crossbowman
69:50 Silk Road
71:01 Caravan
Connection lost

Rejoining the realm…

Still unreachable

The connection could not be restored.

Session expired

The server has moved on; the page needs a fresh start.